Map: Moondance

Players

trigger - Winner!

  • Race: Protoss Protoss
  • League: Grandmaster
  • Spawn Location: 6:00

VOD

Have the link to the VOD?

Description

Time

  • Played on: Dec. 31, 2022, 4:57 p.m.
  • Length: 7:54
Show
View Real Time Build Order
Export as new Build Order

trigger Protoss - Winner!

Build Orders: Phoenix Opening, Blink Stalkers 

Get SALT Encoding   

  12  0:02  Probe  
  12  0:14  Probe  
  12  0:19  Pylon  
  12  0:26  Probe (Chrono Boost)  
  12  0:38  Probe (Chrono Boost)  
  12  0:40  Gateway  
  12  0:45  Probe (Chrono Boost)  
  12  0:47  Assimilator  
  12  0:53  Probe (Chrono Boost)  
  12  0:55  Assimilator  
  12  1:05  Probe (Chrono Boost)  
  12  1:07  Gateway  
  12  1:13  Probe (Chrono Boost)  
  12  1:19  Probe  
  12  1:27  Cybernetics Core  
  12  1:31  Probe  
  12  1:34  Pylon  
  12  1:43  Probe  
  12  1:55  Probe  
  12  2:04  Stalker  
  12  2:05  Sentry  
  12  2:09  Warp Gate  
  12  2:10  Probe  
  12  2:15  Pylon  
  12  2:22  Probe  
  12  2:35  Nexus  
  12  2:37  Phoenix  
  12  2:39  Shield Battery  
  12  2:42  Sentry  
  12  2:49  Stalker  
  12  2:58  Twilight Council  
  12  3:05  Probe  
  12  3:12  Pylon  
  12  3:17  Probe  
  12  3:20  Stalker  
  12  3:26  Blink (Chrono Boost)  
  12  3:29  Probe  
  12  3:45  Probe (Chrono Boost)  
  12  3:47  Probe (Chrono Boost)  
  12  3:50  Phoenix  
  12  3:56  Probe (Chrono Boost)  
  12  3:57  Stalker  
  12  3:58  Probe (Chrono Boost)  
  12  3:59  Stalker  
  12  4:01  Probe (Chrono Boost)  
  12  4:06  Probe  
  12  4:13  Probe  
  12  4:18  Probe  
  12  4:20  Stalker  
  12  4:22  Stalker  
  12  4:25  Probe  
  12  4:30  Probe  
  12  4:34  Pylon  
  12  4:38  Probe  
  12  4:42  Nexus  
  12  4:46  Stalker  
  12  4:52  Stalker  
  12  4:53  Probe x2  
  12  5:08  Probe  
  12  5:09  Probe  
  12  5:10  Assimilator  
  12  5:11  Stalker  
  12  5:15  Robotics Facility  
  12  5:19  Pylon  
  12  5:20  Stalker  
  12  5:37  Gateway x2  
  12  5:38  Probe x2  
  12  5:39  Forge  
  12  5:43  Stalker  
  12  5:49  Shield Battery  
  12  5:50  Probe (Chrono Boost)  
  12  5:52  Stalker  
  12  5:53  Probe (Chrono Boost)  
  12  5:54  Probe (Chrono Boost)  
  12  6:02  Probe (Chrono Boost)  
  12  6:04  Probe (Chrono Boost)  
  12  6:05  Probe (Chrono Boost)  
  12  6:06  Observer (Chrono Boost)  
  12  6:07  Probe (Chrono Boost)  
  12  6:08  Stalker  
  12  6:09  Probe (Chrono Boost)  
  12  6:14  Probe  
  12  6:18  Probe  
  12  6:19  Stalker  
  12  6:21  Observer, Probe  
  12  6:27  Nexus  
  12  6:31  Pylon  
  12  6:37  Pylon  
  12  6:49  Probe x2, Shield Battery x2  
  12  6:51  Probe  
  12  6:54  Pylon  
  12  6:56  Stalker x3  
  12  7:02  Gateway  
  12  7:05  Gateway  
  12  7:07  Gateway  
  12  7:09  Gateway, Nexus  
  12  7:14  Assimilator  
  12  7:17  Templar Archives  
  12  7:19  Assimilator  
  12  7:34  Stalker x2  
  12  7:35  Stalker x2  
Tags
 
Add a new tag
Caveats
  • Supply blocks, unpowered buildings, or Contaminate may cause inaccurate times.
  • Supply counts are checked every 10 seconds.